[Event "*** Titled Tuesday 3|2 Blitz"]
[Site "Chess.com"]
[Date "2015.02.24"]
[Round "8"]
[White "pedromartinez91"]
[Black "LuckyTiger"]
[Result "1-0"]
[WhiteElo "2159"]
[BlackElo "2457"]
[TimeControl "180+2"]
[EndTime "12:45:14 PST"]
[Termination "pedromartinez91 won by checkmate"]

1. e4 e6 2. d4 d5 3. Nd2 Nc6 4.
Ngf3 Nf6 5. e5 Nd7 6. Be2 Be7 7. O-O O-O 8. c4 dxc4 9. Nxc4 b6 10. Be3 Bb7 11. Qb3 Nb4 12. Rfd1 Nd5 13. a4 a5 14.
Rac1 Nb8 15. Na3 Nc6 16. Nb5 Qd7 17. h4 Ncb4 18. h5 h6 19. Ne1 Rac8 20. Nd3 Nxe3 21.
fxe3 Nd5 22. e4 Ne3 23. Re1 Bxe4 24. Nf2 Nxg2 25. Nxe4 Nxe1 26. Rxe1 Rcd8 27. Bf3 Kh8 28. Kh1 f5 29. Nf2 c6 30. Nc3 Qxd4 31. Kg2 Qh4 32.
Qxe6 Bc5 33. Re2 Rde8 34. Qg6 Rxe5 35. Rc2 Rf6 36. Qg3 Qd4 37. Ne2 Qxa4 38. Rd2 f4 39. Qh3 Bxf2 40. Kxf2 Qb5 41. Qc8+ Kh7 42. Rd8 Qc5+ 43.
Kf1 Rxh5 44. Rh8+ Kg6 45. Qe8+ Rf7 46. Qe6+ Rf6 47. Qe8+ Rf7 48. Nxf4+ Kg5 49. Qxf7 Qc1+ 50. Ke2 Rh2+ 51. Ng2 Qxb2+ 52. Ke3 Qc3+ 53. Ke4 Qb4+ 54.
Ke5 Qc5+ 55. Ke6 Qc4+ 56. Ke7 Qd4 57. Rg8 g6 58. Qxg6# 1-0

[Event "*** Titled Tuesday 3|2 Blitz"]
[Site "Chess.com"]
[Date "2015.02.24"]
[Round "8"]
[White "tac49"]
[Black "Gevorg_Harutjunyan"]
[Result "1-0"]
[WhiteElo "2405"]
[BlackElo "2507"]
[TimeControl "180+2"]
[EndTime "12:45:23 PST"]
[Termination "tac49 won by resignation"]

1. e4 c6 2. d4 d5 3. Nc3 dxe4 4.
Nxe4 Bf5 5. Ng3 Bg6 6. h4 h6 7.
Nf3 Nd7 8. h5 Bh7 9. Bd3 Bxd3 10. Qxd3 Ngf6 11. Bd2 e6 12. O-O-O Qc7 13. Ne4 Be7 14.
Kb1 Rd8 15. g3 Qb6 16. c4 O-O 17. Bc3 Bb4 18. c5 Qa5 19. Nd6 Bxc3 20. Qxc3 Qc7 21.
Ne5 Nd5 22. Qf3 b6 23. Nexf7 Nb8 24. Qg4 Rxf7 25. Qxe6 Kf8 26. Nxf7 Qxf7 27. Rhe1 Qxe6 28. Rxe6 bxc5 29. Kc2 Kf7 30. Re4 c4 31. b3 c3 32. a3 Nd7 33. Rd3 N7f6 34. Rf3 a5 35. Re5 Rd6 36. g4 Kg8 37. g5 Nxh5 38. gxh6 Rxh6 39.
Rh3 Nhf4 40. Rxh6 gxh6 41. b4 axb4 42. a4 Nb6 43. a5 Nc4 44. a6 Nb6 45. a7 Kg7 46.
Rc5 h5 47. Rxc6 Nfd5 48. Rd6 h4 49. Rxd5 Nxd5 50. a8=Q Nf4 51. Qb7+ Kg6 52. Qxb4 h3 53. Qxc3 Kf5 54. Qg3 Ke4 55. Kd2 Kf5 56. Ke3 Ng2+ 57. Kf3 Ne1+ 58. Ke2 1-0

[Event "*** Titled Tuesday 3|2 Blitz"]
[Site "Chess.com"]
[Date "2015.02.24"]
[Round "8"]
[White "FytNob"]
[Black "LADIESGET2KNOWME"]
[Result "1/2-1/2"]
[WhiteElo "1877"]
[BlackElo "2285"]
[TimeControl "180+2"]
[EndTime "12:45:41 PST"]
[Termination "Game drawn by repetition"]

1. d4 Nf6 2. Bg5 Ne4 3. Bf4 c5 4. f3 Qa5+ 5. c3 Nf6 6. d5 e6 7. e4 exd5 8. exd5 d6 9. Kf2 Be7 10. Qe1 Qc7 11. c4 O-O 12. Nc3 Re8 13. Bd3 a6 14.
Qd2 b5 15. b3 b4 16. Ne4 Nxe4+ 17. Bxe4 Nd7 18. Ne2 Bf6 19. Rae1 Ne5 20. Ng3 a5 21. Nh5 Qe7 22. Nxf6+ Qxf6 23. Bg5 Ng4+ 24. Kg1 Qc3 25. fxg4 Bxg4 26. h3 Bf5 27. Kh2 Bxe4 28. Qxc3 bxc3 29. Re3 c2 30. Rhe1 f5 31. g4 g6 32. Kg3 Kf7 33.
gxf5 gxf5 34. Kf4 a4 35. Rg3 axb3 36. axb3 Rg8 37. h4 Ra3 38. Rc1 h6 39. Bxh6 Rxg3 40. Kxg3 Rxb3+ 41. Kh2 Rc3 42. h5 Rxc4 43. Bf4 Rd4 44. h6 Rxd5 45. Kg3 Kg6 46. Kf2 Rd1 47. Ke2 Rxc1 48. Bxc1 d5 49. Bf4 d4 50. Kd2 c4 51. Be5 d3 52. Bf4 c3+ 53. Kxc3 Kh7 54.
Kd4 Kg6 55. Ke5 Bf3 56. Kd4 Be2 57. Ke3 Kh7 58. Kd4 Kg6 59. Ke5 Bd1 60. Ke6 Bh5 61.
Ke5 Kh7 62. Kf6 Be2 63. Kxf5 Bf1 64. Kf6 Be2 65. Kf7 Bd1 66. Kf6 Be2 67. Kf7 Bd1 68. Kf6 Be2 69. Kf7 Bf1 70. Kf6 Bg2 71. Kf7 Bf3 72. Kf6 Be2 73. Kf7 Bf1 74. Kf6 Be2 75.
Kf7 Bf3 76. Kf6 Be2 77. Kf7 Bd1 78. Kf6 Be2 79. Kf7 Bg4 80. Kf6 Bh3 81. Kf7 Bg2 82. Kf6 Bh1 83. Kf7 Bd5+ 84. Kf6 Bb3 85. Ke5 Ba2 86. Kd4 Bb3 87. Kxd3 Ba4 88. Kc3 Bd7 89. Kxc2 Bf5+ 90. Kc3 Bg6 91. Kd4 Bf5 92. Ke5 Bg6 93. Kf6 Bb1 94. Kf7 Bc2 95. Kf6 Bb1 96. Bc1 Bc2 97. Kf7 Bb1 98. Kf6 Bc2 99. Kf7 Bb1 100.
Kf6 Bc2 101. Kf7 Bb1 1/2-1/2

[Event "*** Titled Tuesday 3|2 Blitz"]
[Site "Chess.com"]
[Date "2015.02.24"]
[Round "8"]
[White "LyonBeast"]
[Black "EltajSafarli"]
[Result "0-1"]
[WhiteElo "2758"]
[BlackElo "2648"]
[TimeControl "180+2"]
[EndTime "12:45:51 PST"]
[Termination "EltajSafarli won by resignation"]

1. d4 Nf6 2. Nf3 g6 3. Bg5 Bg7 4. Nbd2 d6 5. e4 h6 6. Bh4 c5 7.
dxc5 dxc5 8. c3 Nc6 9. Bc4 O-O 10. O-O Nh5 11. Re1 Qc7 12. Qc2 Bg4 13. h3 Bd7 14.
Nf1 Na5 15. Be2 Be6 16. e5 Nf4 17. Bg3 Nxe2+ 18. Qxe2 Nc6 19. Qe4 Rad8 20. Ne3 Rd7 21. h4 Rfd8 22. h5 g5 23. Nf5 Bxf5 24. Qxf5 e6 25. Qg4 Ne7 26. Qe4 Qc6 27. Qxc6 Nxc6 28. Nh2 Rd2 29. Rab1 Rc2 30. Nf1 b5 31. f4 c4 32. fxg5 hxg5 33. Ne3 Rcd2 34. Ng4 Kh7 35. Rf1 R8d7 36. Kh2 a5 37. Rf3 b4 38. Rbf1 Kg8 39. h6 Bh8 40. h7+ Kf8 41. b3 Rxa2 42. cxb4 axb4 43. bxc4 Ra3 44. Nf6 Rb7 45. R3f2 b3 46. Ne4 Nxe5 47. Bxe5 Bxe5+ 48. g3 b2 49. Nd6 Kg7 50. Nxb7 Bxg3+ 51. Kg2 Bxf2 52. Rb1 Bd4 53.
Rh1 Kf8 54. Rd1 Ra1 55. Rxd4 Kg7 0-1

[Event "*** Titled Tuesday 3|2 Blitz"]
[Site "Chess.com"]
[Date "2015.02.24"]
[Round "8"]
[White "Ar4uha"]
[Black "1stSecond"]
[Result "1-0"]
[WhiteElo "2469"]
[BlackElo "2380"]
[TimeControl "180+2"]
[EndTime "12:46:25 PST"]
[Termination "Ar4uha won by resignation"]

1. e4 e5 2. Nf3 Nc6 3. d4 exd4 4. Bc4 d6 5. Nxd4 Nf6 6. Nc3 Be7 7. O-O O-O 8. Bf4 Ne5 9. Be2 c6 10. Nf3 Qc7 11.
Bg3 h6 12. Qd2 Rd8 13. Rfd1 a5 14. a4 Be6 15. Qd4 Nfd7 16. Qd2 Nxf3+ 17. Bxf3 Ne5 18. Be2 Nc4 19. Bxc4 Bxc4 20. Ne2 Qb6 21. b3 Be6 22. Nd4 Bg4 23. f3 Bc8 24. Bf2 Qc7 25. Qf4 Bf6 26. Rab1 Be5 27. Qh4 d5 28. Ne2 Bf6 29. Qg3 Qxg3 30. Nxg3 Be6 31. Bb6 Rd7 32. exd5 Rxd5 33. c4 Rxd1+ 34. Rxd1 Be7 35. Ne4 Bf5 36. Kf2 Bb4 37. Rd8+ Rxd8 38. Bxd8 Bxe4 39. fxe4 Kf8 40. Ke3 Ke8 41. Bb6 Kd7 42. Bd4 g6 43. Bg7 h5 44. Kd4 Ke6 45. h3 Bd2 46. Kd3 Be1 47.
Bd4 f5 48. exf5+ Kxf5 49. Bb6 g5 50. Bc7 Bb4 51. Bd8 g4 52. Kd4 Be1 53. Kc5 Ke6 54. Kb6 Kd7 55. Bg5 Kc8 56. hxg4 hxg4 57. Be7 Bc3 58.
Bc5 Bd2 59. Bd6 Be1 60. Be5 g3 61. Bd6 Kd7 62. Bf4 Kc8 63. Be5 Bf2+ 64. Kxa5 Be1+ 65.
Kb6 Bf2+ 66. c5 Be1 67. Bd6 Bf2 68. b4 Be1 69. b5 cxb5 70. Kxb5 Bf2 71. c6 bxc6+ 72.
Kxc6 Be1 73. Be5 Bf2 74. a5 Be1 75. a6 Bf2 76. Bd6 Ba7 77. Bxg3 Be3 78. Bd6 Ba7 79.
g4 Be3 80. g5 Bd4 81. g6 1-0

[Event "*** Titled Tuesday 3|2 Blitz"]
[Site "Chess.com"]
[Date "2015.02.24"]
[Round "8"]
[White "Kacparov"]
[Black "Nouki"]
[Result "0-1"]
[WhiteElo "2447"]
[BlackElo "2641"]
[TimeControl "180+2"]
[EndTime "12:47:26 PST"]
[Termination "Nouki won by resignation"]

1. e4 e5 2. Nf3 Nc6 3. Bc4 Nf6 4. d3 Bc5 5. c3 O-O 6. Bb3 d5 7. exd5 Nxd5 8. h3 Bf5 9. O-O Nb6 10. Bc2 Be7 11. Qe2 Qd7 12. Nbd2 Rad8 13. Ne4 Rfe8 14. b4 Bf8 15. b5 Ne7 16. c4 Ng6 17. a4 Qc8 18. Bg5 f6 19. Be3 Nd7 20.
Ng3 Nf4 21. Qd2 Nc5 22. Nxf5 Qxf5 23. d4 Ne4 24. Bxf4 Nxd2 25. Bxf5 Nxf3+ 26. gxf3 exf4 27. Rad1 g6 28. Be4 b6 29. Rfe1 Kg7 30. Bd5 Bb4 31. Rxe8 Rxe8 32. Kf1 f5 33. Rb1 Bc3 34. Rd1 Kf6 35.
Bc6 Re7 36. Bd5 Kg5 37. c5 Kh4 38. Kg2 Re2 39. Bc4 Rc2 40. Bb3 Rb2 41. Bg8 h6 42.
Bf7 g5 43. Be6 Rb4 44. Bxf5 Bxd4 45. cxb6 axb6 46. Rd2 Rxa4 47. Bd7 Rb4 48. Re2 Bc5 49. Rd2 Kh5 50. Be8+ Kh4 51. Bd7 Rb1 52. Re2 Rb4 53. Rd2 Kh5 54. Be8+ Kh4 55. Bd7 Rc4 56. Re2 Rd4 57.
Be8 h5 58. Bc6 Rd3 59. Rc2 g4 60. hxg4 hxg4 61. fxg4 Kxg4 62. f3+ Kh4 63. Re2 Be3 64. Rc2 Rd1 65. Kh2 Kg5 66. Kg2 Kf6 67. Rc4 Bd4 68. Rc2 Ke5 69. Re2+ Be3 70. Rc2 Kd4 71. Ra2 Kc5 72. Kh3 Rg1 73. Rg2 Rc1 74. Kg4 Kd6 75. Kf5 Rxc6 76. bxc6 Kxc6 77. Ke4 Kb5 78. Rb2+ Kc5 79.
Rc2+ Kd6 80. Kd3 b5 81. Ra2 c5 82. Ra8 c4+ 83. Kc3 Bb6 84. Rb8 Kc6 85. Rc8+ Bc7 86.
Rf8 Be5+ 87. Kc2 b4 88. Rf5 Kd5 89. Rf8 b3+ 90. Kd2 c3+ 91. Kd3 c2 92. Rd8+ Ke6 93.
Rc8 Bb2 94. Kd2 Kf5 95. Rc5+ Ke6 96. Rc8 Kd5 97. Rd8+ Ke5 98. Re8+ Kf5 99. Rc8 c1=Q+ 100. Rxc1 Bxc1+ 101. Kxc1 Kg5 102. Kb2 Kh4 103. Kxb3 Kg3 0-1

[Event "*** Titled Tuesday 3|2 Blitz"]
[Site "Chess.com"]
[Date "2015.02.24"]
[Round "8"]
[White "MattyDPerrine"]
[Black "monika84"]
[Result "0-1"]
[WhiteElo "2043"]
[BlackElo "2042"]
[TimeControl "180+2"]
[EndTime "12:48:03 PST"]
[Termination "monika84 won by resignation"]

1. d4 Nf6 2. c4 g6 3. Nf3 d6 4. g3 Bg7 5. Bg2 O-O 6. O-O Nbd7 7. Nc3 Re8 8. e4 c6 9. h3 e5 10. Re1 Qc7 11. Qc2 a6 12. dxe5 dxe5 13. Be3 b5 14. Rad1 b4 15. Na4 Qa5 16. b3 Bb7 17. c5 Qc7 18. Nd2 a5 19. Nc4 Ba6 20. Nd6 Red8 21. Bf1 Bxf1 22. Kxf1 Ne8 23. Qc4 Nxd6 24. cxd6 Qb7 25. Rc1 Qb5 26. Kg2 Rac8 27. Nc5 Qxc4 28. Rxc4 Bf8 29. Nb7 Re8 30. Nxa5 Bxd6 31.
Rxc6 Rxc6 32. Nxc6 Ra8 33. Re2 Bc5 34. Bxc5 Nxc5 35.
Nxe5 Re8 36. Nc6 Nd3 37. Re3 Nc1 38. Nxb4 Rb8 39. a3 Ra8 40. Re1 Nxb3 41. Nd5 Nc5 42. Re3 Ra4 43. f3 Kg7 44. Rc3 Ne6 45. Kf2 Nd4 46. Ke3 Nb5 47. Rb3 Nxa3 48. Rb7 Nc4+ 49.
Kf4 Nd6 50. Rd7 Nb5 51. Nc7 Nc3 52. Ne8+ Kf8 53. Nf6 Kg7 54. Nd5 Ne2+ 55. Kg4 h5+ 56.
Kh4 Ng1 57. g4 Nxf3+ 58. Kg3 Ne5 59. Re7 Rxe4 60. gxh5 gxh5 61. Rb7 Ng6 62. Rb3 Rd4 63. Ne3 Re4 64. Nf5+ Kf6 65. Ne3 Ne5 66. Nd5+ Ke6 67. Nf4+ Kf5 68. Nd5 Kg5 69. Ne3 h4+ 70. Kf2 f5 71. Rb8 f4 72. Rg8+ Ng6 73. Ng2 Kf5 74.
Rg7 Kf6 75. Rg8 Kf7 76. Ra8 Kf6 77. Ra5 Re5 78. Ra6+ Kf5 79. Ra7 Rd5 80. Rf7+ Ke5 81. Ra7 Rd6 82. Ra5+ Rd5 83. Ra2 Ke4 84. Re2+ Kf5 85.
Ra2 Kg5 86. Ra4 Rf5 87. Re4 Ne5 88. Ra4 Nd3+ 89. Kf3 Ne5+ 90. Kf2 f3 91. Nxh4 Rf4 92. Rxf4 Kxf4 93. Nxf3 Nxf3 94. Kg2 Nh4+ 95. Kf2 Kg5 96.
Kg3 0-1

[Event "*** Titled Tuesday 3|2 Blitz"]
[Site "Chess.com"]
[Date "2015.02.24"]
[Round "8"]
[White "igorkovalenko"]
[Black "Tilicheev_Viacheslav"]
[Result "1/2-1/2"]
[WhiteElo "2484"]
[BlackElo "2542"]
[TimeControl "180+2"]
[EndTime "12:51:06 PST"]
[Termination "Game drawn - insufficient material"]

1. e4 c5 2. Nf3 d6 3. d4 cxd4 4. Nxd4 Nf6 5. Nc3 Nc6 6. Bc4 e6 7. Be3 a6 8. Qe2 Be7 9. O-O-O O-O 10. g4 Ne5 11. Bb3 Nfxg4 12. Rhg1 Nxe3 13. Qxe3 Kh8 14. f4 Nc6 15. Nf3 Bd7 16. Rg3 Qa5 17. Rdg1 g6 18.
Rh3 Qc5 19. Qd2 e5 20. f5 Rg8 21. Bxf7 Rg7 22. Bxg6 Nd4 23. Nxd4 Qxd4 24. Qxd4 exd4 25. Nd5 Bd8 26. Rgg3 Rc8 27. Kd1 b5 28. Bh5 Bc6 29.
Rxg7 Kxg7 30. Rg3+ Kf8 31. Be2 Bxd5 32. exd5 Bf6 33.
Ra3 Rc5 34. Rxa6 Rxd5 35. Bd3 Be5 36. h3 h6 37. Ke2 Rc5 38. Kf3 Ke7 39. Rb6 Kf6 40. Kg4 Rc8 41. Rxb5 Rg8+ 42. Kf3 Rg3+ 43. Ke4 Rxh3 44. a4 Re3+ 45. Kd5 h5 46. Rb8 h4 47. Rh8 h3 48. a5 h2 49. a6 Re1 50.
Be4 Ra1 51. Ra8 Ra5+ 52. Kc6 Ra2 53. a7 Ke7 54. b4 Rxc2+ 55. Kb6 Ra2 56. Rc8 d3 57.
Rc7+ Kf6 58. Rh7 d2 59. Bf3 Bd4+ 60. Kc6 Rxa7 61. Rxh2 Bc3 62. b5 Ra1 63. Rh6+ Kxf5 64. Rxd6 Kf4 65. Bh5 Rc1 66. Kd7 Rb1 67. Rd5 Ke3 68.
Kc6 Bd4 69. Kc7 Kd3 70. Kc6 Kc4 71. Be2+ Kc3 72. Bf3 Kc4 73. Be2+ Kc3 74. Bf3 Rb2 75. Bd1 Rb4 76. Kb7 Rb1 77. Be2 d1=Q 78. Bxd1 Rxd1 79. b6 Rb1 80. Rd6 Kc4 81. Rc6+ Kd5 82. Kc7 Be5+ 83.
Kd7 Rh1 84. Rg6 Rh7+ 85. Kc8 Rh8+ 86. Kb7 Rh7+ 87. Kc8 Rh8+ 88. Kb7 Rh7+ 89. Ka6 Rh1 90. Kb7 Rb1 91. Kc8 Rc1+ 92. Kd7 Rb1 93. Kc8 Rc1+ 94. Kd7 Rb1 95. Kc8 Bd6 96. b7 Rc1+ 97. Kd8 Rb1 98.
Kc8 Rc1+ 99. Kd8 Rb1 100. Kc8 Rc1+ 101. Kd8 Bc7+ 102. Kd7 Bb8 103. Rg5+ Kd4 104. Rg4+ Kd5 105. Rg5+ Kd4 106. Rg4+ Ke5 107. Rg5+ Kd4 108. Rg4+ Ke5 109. Rg5+ Kf6 110. Rb5 Rc7+ 111. Kd8 Ke6 112. Rb6+ Kd5 113. Rb1 Rh7 114. Kc8 Rh8+ 115. Kd7 Kc5 116. Ke6 Kc6 117. Kf5 Bc7 118. Ke6 Bb6 119. b8=Q Rxb8 120. Kf5 Re8 121. Rd1 Bc5 122. Kf6 Re2 123. Kf5 Kb5 124. Kf6 Kc4 125. Rd7 Bd4+ 126. Kf5 Re5+ 127. Kf6 Kd3 128. Kf7 Ke4 129. Re7 Rxe7+ 130. Kxe7 1/2-1/2

[Event "*** Titled Tuesday 3|2 Blitz"]
[Site "Chess.com"]
[Date "2015.02.24"]
[Round "9"]
[White "jcibarra"]
[Black "GeorgMeier"]
[Result "1/2-1/2"]
[WhiteElo "2540"]
[BlackElo "2675"]
[TimeControl "180+2"]
[EndTime "12:53:49 PST"]
[Termination "Game drawn by agreement"]

1. e4 e6 2. d4 d5 3. Nd2 dxe4 4.
Nxe4 Nd7 5. Bd3 Ngf6 6. Qe2 c5 7.
Nxf6+ Nxf6 8. dxc5 Bxc5 9. Bg5 Qa5+ 10. Bd2 Qb6 11. O-O-O O-O 12. Nf3 e5 13. Ng5 Re8 1/2-1/2

[Event "*** Titled Tuesday 3|2 Blitz"]
[Site "Chess.com"]
[Date "2015.02.24"]
[Round "9"]
[White "juniortay"]
[Black "Colombiano07"]
[Result "1-0"]
[WhiteElo "2205"]
[BlackElo "2012"]
[TimeControl "180+2"]
[EndTime "12:53:50 PST"]
[Termination "juniortay won by resignation"]

1. e4 c5 2. Nf3 Nc6 3. b4 cxb4 4. d4 d5 5. exd5 Qxd5 6. c4 bxc3 7.
Nxc3 Qa5 8. d5 Qxc3+ 9. Bd2 Qa3 10. dxc6 bxc6 11. Rc1 Nf6 12. Rxc6 e6 13. Bb5 Bd7 14.
Ne5 Bd6 15. Nc4 Bxc6 16. Bxc6+ Ke7 17. Nxa3 Bxa3 18. Bxa8 1-0

[Event "*** Titled Tuesday 3|2 Blitz"]
[Site "Chess.com"]
[Date "2015.02.24"]
[Round "9"]
[White "gumersindo"]
[Black "Aragon"]
[Result "0-1"]
[WhiteElo "2100"]
[BlackElo "2043"]
[TimeControl "180+2"]
[EndTime "12:55:04 PST"]
[Termination "Aragon won by checkmate"]

1. d4 e5 2. dxe5 Nc6 3. Nf3 d6 4. exd6 Bxd6 5. g3 Bg4 6. Bg2 Nf6 7. O-O Qe7 8. Nc3 O-O-O 9. Qe1 h5 10. Bg5 Ne5 11.
Nd5 Qe6 12. Nxf6 gxf6 13. Bf4 h4 14. Qa5 Nc6 15. Qa4 hxg3 16. Bxg3 Bh3 17. Rad1 Bxg2 18. Kxg2 Qh3+ 19. Kg1 Ne5 20. Qxa7 Rdg8 21. Qa8+ Kd7 22. Qxb7 Nxf3+ 23. Qxf3 Qxh2# 0-1

[Event "*** Titled Tuesday 3|2 Blitz"]
[Site "Chess.com"]
[Date "2015.02.24"]
[Round "9"]
[White "FlySooHigh"]
[Black "alturas_pacificas"]
[Result "1-0"]
[WhiteElo "2325"]
[BlackElo "2065"]
[TimeControl "180+2"]
[EndTime "12:55:27 PST"]
[Termination "FlySooHigh won by resignation"]

1. e4 c6 2. c4 d5 3. cxd5 cxd5 4.
exd5 Qxd5 5. Nc3 Qd8 6. d4 Nf6 7. Nf3 e6 8. Bd3 Be7 9. Bg5 b6 10. Rc1 Bb7 11. Bb1 h6 12. Bh4 Nc6 13. O-O Nb4 14. Ne5 Nbd5 15. Qa4+ Kf8 16. Bg3 Nxc3 17.
bxc3 Qd5 18. f3 g6 19. Rce1 Kg7 20. Be4 1-0

[Event "*** Titled Tuesday 3|2 Blitz"]
[Site "Chess.com"]
[Date "2015.02.24"]
[Round "9"]
[White "igorkovalenko"]
[Black "AkshatChandra"]
[Result "0-1"]
[WhiteElo "2465"]
[BlackElo "2490"]
[TimeControl "180+2"]
[EndTime "12:55:30 PST"]
[Termination "AkshatChandra won by resignation"]

1. e4 c5 2. Nf3 e6 3. d4 cxd4 4. Nxd4 Nc6 5. Nc3 Qc7 6. Be3 a6 7. Bd3 Nf6 8. O-O Nxd4 9. Bxd4 Bc5 10. Bxc5 Qxc5 11. Kh1 e5 12. a4 d6 13. f4 O-O 14.
Qe1 Be6 15. Qh4 exf4 16. Rxf4 g5 17. Qf2 gxf4 18. Qxf4 Qe5 19. Qh4 Kh8 20. Rf1 Nd7 21. Ne2 Nc5 22. Ng1 Nxd3 23. cxd3 f5 24. Nf3 fxe4 25.
dxe4 Qf6 26. Qg3 Rg8 27. Qxd6 Raf8 28. Qd2 Bg4 29. e5 Qe6 30. Qe3 Bxf3 31. gxf3 Rf5 32.
Re1 Qd5 0-1

[Event "*** Titled Tuesday 3|2 Blitz"]
[Site "Chess.com"]
[Date "2015.02.24"]
[Round "9"]
[White "DoctorMove"]
[Black "raskolnnikov"]
[Result "0-1"]
[WhiteElo "1759"]
[BlackElo "2266"]
[TimeControl "180+2"]
[EndTime "12:56:37 PST"]
[Termination "raskolnnikov won by resignation"]

1. e4 f6 2. d4 c5 3. Nf3 cxd4 4.
Nxd4 a6 5. g3 e6 6. Bg2 h5 7. h4 Kf7 8. O-O Ne7 9. c4 Nbc6 10. Nc2 Qc7 11. Nc3 b6 12. Bf4 Ne5 13.
b3 N7g6 14. Be3 b5 15. f4 Ng4 16. Bd4 bxc4 17. b4 Rb8 18. a3 Bb7 19. Qe2 Bd6 20.
Rad1 e5 21. fxe5 Bxe5 22. Nd5 Bxd5 23. exd5 Bxd4+ 24. Nxd4 Qxg3 25. Rf3 Qh2+ 26. Kf1 Nf4 27.
Rxf4 Qxf4+ 28. Nf3 Ne3+ 0-1

[Event "*** Titled Tuesday 3|2 Blitz"]
[Site "Chess.com"]
[Date "2015.02.24"]
[Round "9"]
[White "Hafez_Bakr"]
[Black "gawk"]
[Result "0-1"]
[WhiteElo "1805"]
[BlackElo "2049"]
[TimeControl "180+2"]
[EndTime "12:57:11 PST"]
[Termination "gawk won by resignation"]

1. e4 c6 2. d4 d5 3. Nc3 dxe4 4. Nxe4 Bf5 5. Ng3 Bg6 6. h4 h6 7. h5 Bh7 8. Bf4 e6 9. Nf3 Nd7 10. c3 Ngf6 11. Bd3 Bxd3 12. Qxd3 c5 13. O-O-O Qa5 14. Kb1 Be7 15. dxc5 Nxc5 16. Qc4 b5 17. Qe2 b4 18. cxb4 Qxb4 19. Rd4 Qb6 20. Rhd1 O-O 21. Rc4 Nd5 22.
Be3 Rab8 23. Ne5 Nxe3 24. fxe3 Bf6 25. Nd3 Nxd3 26. Rxd3 Qxb2+ 27. Qxb2 Rxb2+ 28. Kc1 Rxa2 29. Rc7 Be5 0-1

[Event "*** Titled Tuesday 3|2 Blitz"]
[Site "Chess.com"]
[Date "2015.02.24"]
[Round "9"]
[White "lukas_111111"]
[Black "bsmail"]
[Result "1-0"]
[WhiteElo "2167"]
[BlackElo "2117"]
[TimeControl "180+2"]
[EndTime "12:57:29 PST"]
[Termination "lukas_111111 won by resignation"]

1. e4 c5 2. Nf3 d6 3. d4 cxd4 4.
Nxd4 Nf6 5. Nc3 g6 6. Be3 Bg7 7.
f3 Nc6 8. Qd2 O-O 9. g4 Nxd4 10.
Bxd4 Qa5 11. h4 Be6 12. h5 Rfc8 13. a3 Rab8 14. Qh2 Nxg4 15. Qg1 Rxc3 16. bxc3 Ne5 17.
Be2 Bc4 18. hxg6 hxg6 19. Qh2 Bxe2 20. Kxe2 Qb5+ 21. Kf2 Rc8 22. Rab1 Qc6 23. Qh4 e6 24. Qe7 Qc7 25. Rxb7 Qxe7 26. Rxe7 Nc6 27. Bxg7 Nxe7 28. Bf6 1-0

[Event "*** Titled Tuesday 3|2 Blitz"]
[Site "Chess.com"]
[Date "2015.02.24"]
[Round "9"]
[White "GMNeiksans"]
[Black "jup1978"]
[Result "1-0"]
[WhiteElo "2507"]
[BlackElo "2160"]
[TimeControl "180+2"]
[EndTime "12:57:58 PST"]
[Termination "GMNeiksans won by resignation"]

1. d4 d5 2. c4 c6 3. Nf3 Nf6 4. e3 Bg4 5. Nc3 e6 6. h3 Bxf3 7. Qxf3 Nbd7 8. Bd3 Bb4 9. O-O O-O 10.
Bd2 Re8 11. a3 Bxc3 12. Bxc3 dxc4 13. Bxc4 Nd5 14. Bd2 e5 15. e4 N5f6 16. Qb3 Re7 17. Bb4 c5 18. dxc5 Nxe4 19. Qe3 a5 20. Qxe4 axb4 21. axb4 Rb8 22. Rfd1 Qc7 23. Rd6 Nf6 24. Qd3 Ne8 25. Rd1 b6 26. Rd7 Rxd7 27. Qxd7 Qxd7 28. Rxd7 bxc5 29. bxc5 Rxb2 30. Bxf7+ Kf8 31. Bxe8 Kxe8 32.
Rxg7 Rc2 33. Rxh7 Rxc5 34. Kh2 Rc3 35. Rh5 e4 36. Re5+ 1-0

[Event "*** Titled Tuesday 3|2 Blitz"]
[Site "Chess.com"]
[Date "2015.02.24"]
[Round "9"]
[White "monika84"]
[Black "ilmago"]
[Result "1-0"]
[WhiteElo "2047"]
[BlackElo "1890"]
[TimeControl "180+2"]
[EndTime "12:57:59 PST"]
[Termination "monika84 won by resignation"]

1. e4 c5 2. Nf3 d6 3. d4 cxd4 4. Nxd4 Nf6 5. Nc3 g6 6. Be3 Bg7 7. f3 O-O 8. Qd2 Nc6 9. O-O-O Qc7 10.
g4 a6 11. h4 b5 12. h5 b4 13. Nce2 Ne5 14. Ng3 Qa5 15. Kb1 Be6 16. Nxe6 fxe6 17. hxg6 hxg6 18. g5 Nxf3 19. Qg2 Ng4 20. Bc1 Rac8 21.
Be2 Rxc2 22. Kxc2 b3+ 23. axb3 Rc8+ 24. Bc4 Nd4+ 25. Kb1 d5 26. exd5 exd5 27. Qxd5+ e6 28. Qxa5 1-0

[Event "*** Titled Tuesday 3|2 Blitz"]
[Site "Chess.com"]
[Date "2015.02.24"]
[Round "9"]
[White "exoticprincess"]
[Black "EltajSafarli"]
[Result "1/2-1/2"]
[WhiteElo "2789"]
[BlackElo "2653"]
[TimeControl "180+2"]
[EndTime "12:58:04 PST"]
[Termination "Game drawn by agreement"]

1. d4 Nf6 2. Nc3 d5 3. Bf4 Nbd7 4. e3 c6 5. Bd3 b5 6. a3 g6 7. Nf3 Bg7 8. Ne5 Nxe5 9. Bxe5 O-O 10. O-O a6 11. h3 Qb6 12. Qd2 c5 13. dxc5 Qxc5 14.
b4 Qb6 15. a4 Bd7 16. axb5 axb5 17. Qe2 Qb7 18. Nxb5 Bxb5 19. Bxb5 Ne4 20. Bxg7 Kxg7 21.
Qd3 e6 22. Qd4+ e5 23. Qd3 Rab8 24. Ra5 Rfc8 25. Rfa1 Rc3 26. Qd1 Nf6 27. Qb1 Qb6 28. Qa2 d4 29. exd4 Qxd4 30. Ra7 Rf8 31. Re7 Ne4 32. Qa7 Qxb4 33. Rxe5 Nc5 34. Bf1 Rxc2 35. Rae1 Qd4 36. R5e2 Rxe2 37. Rxe2 Ne6 38. Qxd4+ Nxd4 39. Re4 Nf5 1/2-1/2

[Event "*** Titled Tuesday 3|2 Blitz"]
[Site "Chess.com"]
[Date "2015.02.24"]
[Round "9"]
[White "Inopov"]
[Black "bugsbunny444"]
[Result "1-0"]
[WhiteElo "2473"]
[BlackElo "2354"]
[TimeControl "180+2"]
[EndTime "12:58:18 PST"]
[Termination "Inopov won on time"]

1. d4 e6 2. c4 b6 3. e4 Bb7 4.
Bd3 Bb4+ 5. Kf1 Be7 6. Nc3 d6 7. Nge2 Nd7 8. Be3 Ngf6 9. f3 O-O 10. Kf2 e5 11. d5 Nc5 12. b4 Nxd3+ 13. Qxd3 Nd7 14.
g3 Bg5 15. f4 Bh6 16. h4 Qe7 17. f5 Bxe3+ 18. Qxe3 Nf6 19. Kf3 h5 20. Qg5 g6 21.
Rhf1 Rae8 22. Kg2 Nh7 23. Qh6 Qf6 24. Nb5 Re7 25. Nxa7 gxf5 26. Qxf6 Nxf6 27. exf5 Ra8 28. Nb5 Kh7 29. a4 1-0

[Event "*** Titled Tuesday 3|2 Blitz"]
[Site "Chess.com"]
[Date "2015.02.24"]
[Round "9"]
[White "LADIESGET2KNOWME"]
[Black "facu57"]
[Result "1-0"]
[WhiteElo "2288"]
[BlackElo "2031"]
[TimeControl "180+2"]
[EndTime "12:58:44 PST"]
[Termination "LADIESGET2KNOWME won by resignation"]

1. d4 c6 2. Nf3 d5 3. g3 Nf6 4.
Bg2 Bg4 5. O-O Nbd7 6. b3 e6 7. Bb2 Bd6 8. Nbd2 O-O 9. Re1 Re8 10. e4 dxe4 11. Nxe4 Be7 12. Qd3 Bf5 13. Nxf6+ Bxf6 14. Qe2 c5 15. c4 Bg4 16. Rad1 Qc7 17. h3 Bh5 18. g4 Bg6 19. Ne5 Rad8 20. Nxd7 Rxd7 21. dxc5 Rxd1 22. Rxd1 Qxc5 23. Bxb7 Bxb2 24. Qxb2 h5 25. Bf3 Rb8 26. Qd4 Qa3 27. Rd2 Qc1+ 28. Kg2 hxg4 29.
hxg4 Rc8 30. Rd1 Qa3 31. Qd2 a5 32. Qd7 Rf8 33. Rd2 Qb4 34. Qd6 Qc3 35. Qd4 Qb4 36. c5 Qb5 37. c6 e5 38. Qd5 Qb4 39. Re2 Re8 40. Rxe5 Rc8 41. Qxa5 Qd4 42. Qd5 Qb6 43.
Re7 Rd8 44. Rd7 Rc8 45. a4 Bc2 46. Qxf7+ 1-0

[Event "*** Titled Tuesday 3|2 Blitz"]
[Site "Chess.com"]
[Date "2015.02.24"]
[Round "9"]
[White "Zvonokchess"]
[Black "FabianEnglert"]
[Result "1-0"]
[WhiteElo "2474"]
[BlackElo "2245"]
[TimeControl "180+2"]
[EndTime "12:58:59 PST"]
[Termination "Zvonokchess won by resignation"]

1. e4 g6 2. d4 Bg7 3. Nc3 a6 4. f4 b5 5. Nf3 Bb7 6. Bd3 d6 7. O-O Nd7 8. e5 c5 9. Be4 Bxe4 10. Nxe4 cxd4 11. exd6 Qb6 12. Kh1 e6 13. a4 b4 14. a5 Qc6 15. Re1 Ngf6 16. Nxd4 Qd5 17. Nxf6+ Bxf6 18. Nxe6 Qxd1 19. Nc7+ Kf8 20. Rxd1 Rc8 21.
Nxa6 Rxc2 22. Nxb4 Re2 23. a6 Kg7 24. a7 Ra8 25.
Nd5 Bd4 26. Ra4 Bxa7 27. Nc7 Nb6 28. Ra1 Rae8 29. Nxe8+ 1-0